 Dungeon Crawl Stone Soup version 0.19-a0-1013-g40768a3 (webtiles) character file.

45080 HAL9000 the Bludgeoner (level 14, -1/162 HPs)
             Began as an Ogre Berserker on July 24, 2016.
             Was the Champion of Trog.
             Slain by a deep troll shaman (8 damage)
             ... on level 6 of the Lair of Beasts.
             The game lasted 00:47:46 (16419 turns).

HAL9000 the Bludgeoner (Ogre Berserker)            Turns: 16419, Time: 00:47:47

Health: -1/162     AC:  5    Str: 34    XL:     14   Next: 31%
Magic:  16/16      EV:  1    Int:  6    God:    Trog [******]
Gold:   540        SH:  0    Dex: 24    Spells: 0 memorised, 13 levels left

rFire  . . .     SeeInvis .     a - +2 giant spiked club of the Morning {god gift, freeze, *Corrode Fragile Str+9 Dex+5}
rCold  . . .     Gourm    .     S - +2 troll leather armour
rNeg   + + +     Faith    .     (shield currently unavailable)
rPois  ∞         Spirit   .     (helmet restricted)
rElec  .         Dismiss  .     E - +1 cloak {+Inv}
rCorr  .         Reflect  .     (gloves unavailable)
SustAt .         Harm     .     (boots unavailable)
MR     +....                    l - amulet of regeneration
Stlth  ++........               Z - +6 ring of dexterity
                                N - +3 ring of evasion

@: exhausted, petrified, corroded, slowed, somewhat resistant to hostile
enchantments, unstealthy
A: unfitting armour, tough skin 1
a: Berserk, Trog's Hand, Brothers in Arms, Burn Spellbooks, Renounce Religion,
Evoke Invisibility


You were on level 6 of the Lair of Beasts.
You worshipped Trog.
Trog was exalted by your worship.
You were hungry.

You visited 2 branches of the dungeon, and saw 17 of its levels.
You also visited: Ice Cave.

You collected 1169 gold pieces.
You spent 629 gold pieces at shops.

Inventory:

Hand Weapons
 a - the +2 giant spiked club of the Morning (weapon) {god gift, freeze, *Corrode Fragile Str+9 Dex+5}
   (Trog gifted it to you on level 2 of the Lair of Beasts)

   It has been specially enchanted to freeze those struck by it, causing extra
   injury to most foes and up to half again as much damage against particularly
   susceptible opponents.
   It can also slow down cold-blooded creatures.
   It affects your strength (+9).
   It affects your dexterity (+5).
   It may corrode you when you take damage.
   It will be destroyed if unequipped.
 e - a +1 giant spiked club
 r - a +2 antimagic demon whip {god gift}
Missiles
 b - 5 large rocks (quivered)
 x - 18 tomahawks
 P - 8 javelins
 T - 9 exploding tomahawks
Armour
 E - a +1 cloak of invisibility (worn)
 L - a +0 cloak of poison resistance
 S - a +2 troll leather armour (worn)
Jewellery
 l - an amulet of regeneration (around neck)
 N - a +3 ring of evasion (left hand)
 U - an uncursed ring of flight
 Z - a +6 ring of dexterity (right hand)
Wands
 f - a wand of disintegration (7/24)
 s - a wand of teleportation (3/9)
 u - a wand of paralysis (12/24)
 z - a wand of acid (0/15)
 B - a wand of acid (5/15)
 G - a wand of digging (8/24)
 K - a wand of teleportation (6/9)
 X - a wand of confusion (15/48)
Scrolls
 g - 15 scrolls of remove curse
 k - 4 scrolls of magic mapping
 n - 2 scrolls of enchant armour
 o - 6 scrolls of blinking
 y - a scroll of fog
 J - 3 scrolls of teleportation
 M - 2 scrolls of recharging
 V - a scroll of fear
Potions
 d - 6 potions of heal wounds
 h - 3 potions of flight
 i - 6 potions of curing
 j - 3 potions of might
 v - 2 potions of agility
 A - 4 potions of berserk rage
 C - a potion of resistance {unknown}
 H - 4 potions of haste
 I - 3 potions of cancellation
 W - a potion of magic
 Y - a potion of cure mutation {unknown}
Books
 p - a book of Dreams

   Spells                             Type                      Level
   a - Ensorcelled Hibernation        Hexes/Ice                    2
   b - Silence                        Hexes/Air                    5
   c - Darkness                       Hexes                        6
   d - Shadow Creatures               Summoning                    6
   Trog disapproves of the use of such an item.
 w - a book of the Warp

   Spells                             Type                      Level
   a - Recall                         Summoning/Translocation      3
   b - Gell's Gravitas                Hexes/Translocation          3
   c - Force Lance                    Conjuration/Translocation    4
   d - Warp Weapon                    Charms/Translocation         5
   e - Summon Forest                  Summoning/Translocation      5
   Trog disapproves of the use of such an item.
 O - a book of Clouds

   Spells                             Type                      Level
   a - Mephitic Cloud                 Conjuration/Poison/Air       3
   b - Conjure Flame                  Conjuration/Fire             3
   c - Poisonous Cloud                Conjuration/Poison/Air       6
   d - Freezing Cloud                 Conjuration/Ice/Air          6
   e - Ring of Flames                 Charms/Fire                  7
   Trog disapproves of the use of such an item.
Miscellaneous
 R - a phantom mirror
Comestibles
 c - 13 bread rations
 m - 7 meat rations
 q - 2 chunks of flesh
 t - 4 beef jerkies
 D - 6 fruits
 F - 3 slices of pizza
 Q - 5 royal jellies


   Skills:
 + Level 16.0 Fighting
 + Level 18.5 Maces & Flails
 + Level 8.3 Throwing
 + Level 11.1 Dodging
 - Level 2.6 Evocations


You had 13 spell levels left.
You didn't know any spells.

Dungeon Overview and Level Annotations

Branches:
Dungeon (11/15)            Temple (0/1) D:4            Lair (6/6) D:11
  Swamp (0/4) Lair:2       Spider (0/4) Lair:2        Slime (0/5) Lair:6
    Orc: D:9-12

Altars:
Ashenzari
Dithmenos
Elyvilon
Fedhas
Makhleb
Qazlal
Vehumet
Xom
The Shining One
Jiyva

Shops:
D:5 (   D:8 :   D:10 ?   D:11 [


Innate Abilities, Weirdness & Mutations

You are too large for most types of armour.
You have tough skin. (AC +1)


Message History

* * * LOW HITPOINT WARNING * * *
The death yak gores you!
* * * LOW HITPOINT WARNING * * *
The death yak gores you!!
* * * LOW HITPOINT WARNING * * *
The wolf bites you.
* * * LOW HITPOINT WARNING * * *
The death yak gores you!
* * * LOW HITPOINT WARNING * * *
The death yak gores you!
* * * LOW HITPOINT WARNING * * *
The death yak gores you!
* * * LOW HITPOINT WARNING * * *
The wolf bites you but does no damage. The wolf bites you.
* * * LOW HITPOINT WARNING * * *
The death yak gores you!
* * * LOW HITPOINT WARNING * * *
The deep troll shaman bites you!
You die...

#.....#
#....P#.8..#
##..#
#.....#.....##...
#
##..÷.##.8..#....
.# ##...P#
.÷.....# .#
##...###......#
.#
#P....###...÷#.#
##......##YYT..##
##..P..P##@h...#
###......Y....#
########P..##
##.# ##


You could see 3 death yaks, a deep troll shaman and a wolf.

Vanquished Creatures
  Rupert (Lair:3)
  8 hydras
  A catoblepas (Lair:6)
  An ogre mage (D:11)
  5 death yaks (Lair:6)
  Sonja (Lair:4)
  A hill giant (D:11)
  A manticore (D:11)
  2 griffons
  An orb spider (Lair:2)
  12 elephants (Lair:6)
  An ugly thing (IceCv)
  A cyclops (D:11)
  3 black mambas
  Joseph (D:7)
  8 spiny frogs
  A torpor snail (Lair:5)
  2 rime drakes
  6 komodo dragons
  3 trolls
  A merfolk (D:11)
  2 polar bears
  Prince Ribbit (D:7)
  2 two-headed ogres
  A boulder beetle (Lair:4)
  4 blink frogs (Lair:6)
  A meliai zombie (D:10)
  4 spriggans (Lair:2)
  A water elemental (D:11)
  18 yaks
  A shadow (D:11)
  A human (D:11)
  3 basilisks
  A hippogriff (shapeshifter) (D:11)
  6 hippogriffs
  Grum (D:8)
  2 hungry ghosts (D:8)
  6 water moccasins
  Edmund (D:5)
  10 porcupines
  3 sky beasts
  An orc warrior (D:7)
  2 phantoms
  3 black bears
  5 ice beasts
  5 centaurs
  2 necrophages
  3 ogres
  The ghost of vatarom the Insei, an amateur DsMo of Uskayaw (D:3)
  10 wolves
  11 crocodiles
  3 big kobolds
  12 giant frogs
  2 scorpions
  10 wights
  9 killer bees
  5 electric eels
  3 howler monkeys (D:8)
  4 crimson imps
  5 hounds
  A jelly (D:10)
  2 orc priests
  3 centaur skeletons
  2 giant frog skeletons (D:11)
  11 orc wizards
  7 iguanas
  6 worker ants
  20 sheep
  A worker ant zombie (D:6)
  A howler monkey skeleton (D:6)
  11 gnolls
  10 adders
  39 river rats
  3 shadow imps
  A white imp (D:8)
  An ooze (D:1)
  An adder zombie (D:9)
  2 adder skeletons
  A worm (D:3)
  A dart slug (D:1)
  7 giant geckos
  28 orcs
  10 bats
  6 giant cockroaches
  4 goblins
  7 hobgoblins
  20 jackals
  25 kobolds
  5 quokkas
  3 ball pythons
  2 giant gecko skeletons (D:4)
  3 giant newts
  4 goblin zombies (D:8)
  2 orc skeletons (D:8)
  2 orc zombies (D:8)
  A quokka skeleton (D:5)
  8 rats
  A fungus (Lair:4)
  3 plants
491 creatures vanquished.

Vanquished Creatures (collateral kills)
  An unseen horror (D:11)
  A two-headed ogre (D:11)
  6 yaks (D:10)
  4 ice beasts (IceCv)
12 creatures vanquished.

Vanquished Creatures (others)
  A wolf (D:11)
  An electric eel (D:11)
  13 fungi
  9 plants
24 creatures vanquished.

Grand Total: 527 creatures vanquished

Notes
Turn   | Place    | Note
-------+----------+-------------------------------------------
     0 | D:1      | HAL9000 the Ogre Berserker began the quest for the Orb.
     0 | D:1      | Reached XP level 1. HP: 24/24 MP: 1/1
   121 | D:1      | Reached XP level 2. HP: 31/32 MP: 2/2
   234 | D:1      | Reached skill level 5 in Maces & Flails
   483 | D:1      | Reached ** piety under Trog
   623 | D:1      | Reached XP level 3. HP: 29/40 MP: 3/3
  1451 | D:3      | Reached XP level 4. HP: 12/49 MP: 4/4
  1772 | D:3      | Reached skill level 5 in Fighting
  1772 | D:3      | Reached skill level 6 in Maces & Flails
  1922 | D:3      | Reached XP level 5. HP: 32/57 MP: 5/5
  2279 | D:3      | Reached *** piety under Trog
  2453 | D:3      | Reached skill level 7 in Maces & Flails
  2489 | D:3      | Noticed vatarom's ghost (amateur DsMo)
  2504 | D:3      | Killed vatarom's ghost
  2504 | D:3      | Reached XP level 6. HP: 67/67 MP: 6/6
  2553 | D:3      | Found a shadowy altar of Dithmenos.
  2938 | D:4      | Reached skill level 8 in Maces & Flails
  3215 | D:4      | Found a staircase to the Ecumenical Temple.
  3271 | D:4      | Reached XP level 7. HP: 52/76 MP: 7/7
  3677 | D:5      | Entered Level 5 of the Dungeon
  3692 | D:5      | Reached skill level 9 in Maces & Flails
  3814 | D:5      | Found Ladial's Antique Weapon Shop.
  3889 | D:5      | Noticed Edmund
  3897 | D:5      | Killed Edmund
  4208 | D:6      | Reached **** piety under Trog
  4212 | D:6      | Reached XP level 8. HP: 82/87 MP: 8/8
  4246 | D:6      | Reached skill level 10 in Maces & Flails
  4745 | D:6      | Found a radiant altar of Vehumet.
  4745 | D:6      | Found a stormy altar of Qazlal.
  4815 | D:7      | Reached skill level 11 in Maces & Flails
  4882 | D:7      | Noticed Joseph
  5094 | D:7      | Killed Joseph
  5094 | D:7      | Reached XP level 9. HP: 86/97 MP: 9/9
  5166 | D:7      | Found a white marble altar of Elyvilon.
  5178 | D:7      | Reached skill level 12 in Maces & Flails
  5192 | D:7      | Reached skill level 5 in Dodging
  5335 | D:7      | Noticed Prince Ribbit
  5355 | D:7      | Killed Prince Ribbit
  5542 | D:7      | Found a burning altar of Makhleb.
  5560 | D:7      | Reached skill level 13 in Maces & Flails
  5899 | D:8      | Reached ***** piety under Trog
  5951 | D:8      | Noticed Grum
  5976 | D:8      | Reached skill level 10 in Fighting
  5976 | D:8      | Reached XP level 10. HP: 57/110 MP: 10/10
  5995 | D:8      | Killed Grum
  6122 | D:8      | Found a glowing golden altar of the Shining One.
  6280 | D:8      | Found Tuzej's Book Shoppe.
  6299 | D:8      | Reached skill level 14 in Maces & Flails
  7099 | D:9      | Received a gift from Trog
  7259 | D:9      | Got a ripped robe
  7270 | D:9      | Identified the +1 robe "Rakut" {rF- Str+7 Int+4 Slay-4} (You found it on level 9 of the Dungeon)
  7343 | D:9      | Found a shattered altar of Ashenzari.
  7343 | D:9      | Found a shimmering altar of Xom.
  7545 | D:10     | Entered Level 10 of the Dungeon
  7570 | D:10     | Reached skill level 15 in Maces & Flails
  7625 | D:10     | Found a blossoming altar of Fedhas.
  7671 | D:10     | Found Homiset's Magic Scroll Emporium.
  7796 | D:10     | Reached XP level 11. HP: 68/120 MP: 11/11
  8795 | D:11     | Reached skill level 16 in Maces & Flails
  8864 | D:11     | Noticed an ogre mage
  8865 | D:11     | Noticed a griffon
  8885 | D:11     | Killed a griffon
  8891 | D:11     | Killed an ogre mage
  8943 | D:11     | Noticed a manticore
  9045 | D:11     | Noticed a cyclops
  9059 | D:11     | Killed a cyclops
  9087 | D:11     | Noticed a hill giant
  9101 | D:11     | Killed a hill giant
  9101 | D:11     | Reached skill level 1 in Throwing
  9101 | D:11     | Reached skill level 1 in Evocations
  9124 | D:11     | Killed a manticore
  9289 | D:11     | Found a staircase to the Lair.
  9786 | D:11     | Reached XP level 12. HP: 122/133 MP: 13/13
 10287 | D:11     | Found Biziruy's Antique Armour Shoppe.
 10292 | D:11     | Bought a glowing troll leather armour for 375 gold pieces
 10292 | D:11     | Bought a heavily jewelled robe for 142 gold pieces
 10292 | D:11     | Bought a glowing cloak for 112 gold pieces
 10307 | D:11     | Identified the +2 robe of Eguicu Luum {+Inv rF- Str-3 Int+4} (You bought it in a shop on level 11 of the Dungeon)
 10430 | Lair:1   | Entered Level 1 of the Lair of Beasts
 10441 | Lair:1   | Identified a scroll of acquirement
 10644 | Lair:1   | Noticed a four-headed hydra
 10650 | Lair:1   | Killed a four-headed hydra
 11297 | Lair:1   | Noticed a five-headed hydra
 11300 | Lair:1   | Killed a five-headed hydra
 11546 | Lair:2   | Noticed a four-headed hydra
 11554 | Lair:2   | Killed a four-headed hydra
 11655 | Lair:2   | Received a gift from Trog
 11946 | Lair:2   | Noticed a six-headed hydra
 11975 | Lair:2   | Killed a six-headed hydra
 11975 | Lair:2   | Reached skill level 5 in Throwing
 12230 | Lair:2   | Reached skill level 17 in Maces & Flails
 12265 | Lair:2   | Found a hole to the Spider Nest.
 12384 | Lair:2   | Found a staircase to the Swamp.
 12587 | Lair:3   | Got an ichor-stained robe
 12616 | Lair:3   | Identified the +1 robe of the Other Side {Dex+3} (You found it on level 3 of the Lair of Beasts)
 12774 | Lair:3   | Reached ****** piety under Trog
 12906 | Lair:3   | Noticed Rupert
 12922 | Lair:3   | Killed Rupert
 12922 | Lair:3   | Reached skill level 10 in Dodging
 12922 | Lair:3   | Reached XP level 13. HP: 89/148 MP: 15/15
 13469 | Lair:3   | Received a gift from Trog
 14644 | Lair:4   | Noticed Sonja
 14702 | Lair:4   | Killed Sonja
 14976 | Lair:5   | Reached skill level 15 in Fighting
 15623 | Lair:2   | Got a translucent giant spiked club {god gift}
 15624 | Lair:2   | Identified the +2 giant spiked club of the Morning {god gift, freeze, *Corrode Fragile Str+9 Dex+5} (Trog gifted it to you on level 2 of the Lair of Beasts)
 15680 | Lair:6   | Entered Level 6 of the Lair of Beasts
 15818 | Lair:6   | Reached skill level 18 in Maces & Flails
 15866 | Lair:6   | Received a gift from Trog
 15907 | Lair:6   | Reached XP level 14. HP: 113/159 MP: 16/16
 16037 | Lair:6   | Found a frozen archway.
 16081 | IceCv    | Entered an ice cave
 16146 | Lair:6   | Found a viscous altar of Jiyva.
 16146 | Lair:6   | Found a staircase to the Slime Pits.
 16419 | Lair:6   | HP: 7/162 [death yak (4)]
 16419 | Lair:6   | Slain by a deep troll shaman

Vault maps used:
D:1:      lightli_arrival_farm
D:3:      grunt_dithmenos_smoke_and_mirrors
D:5:      serial_shops, nicolae_shop_competitors_out_of_business, first_bread,
          uniq_edmund
D:6:      gammafunk_temple_overflow_wave
D:7:      elyvilon_altar_1, old_standard_altar, uniq_joseph, uniq_prince_ribbit1
D:8:      nicolae_tso_besieged_by_evil, serial_shops, shop_statue, uniq_grum
D:9:      amethyst_overflow_temple_binary
D:10:     serial_shops, shop, fedhas_bush_and_centaur_altar
D:11:     minmay_diamond_stairs, erik_lair_island, serial_shops,
          kennysheep_little_box, hangedman_stone_soup
Lair:1:   minmay_hedge_maze, st_stairs_8
Lair:2:   wad_woods_settlement, swamp_mist, nicolae_spider_entry_orb_guardian,
          beast_lair_carwin_4
Lair:3:   serial_bayou_lagoon_a, grunt_megastairs_3, uniq_rupert
Lair:4:   uniq_sonja
Lair:5:   statuecave_lemuel
Lair:6:   grunt_lair_end_beastmaster, dpeg_slime_entry_enclosed_altar,
          portal_ice_cave_entry_pillars_1, infiniplex_staircase_pool
IceCv:    ice_cave_statue_garden_teleport

Skill      XL: |  1  2  3  4  5  6  7  8  9 10 11 12 13 14 |
---------------+-------------------------------------------+-----
Maces & Flails | 5 6 7 8 9 11 13 15 16 17 18 | 18.5
Fighting       | 5 6 7 8 10 11 12 14 15 16 | 16.0
Dodging        | 3 4 5 7 8 10 11 | 11.1
Throwing       | 2 6 7 8 |  8.3
Evocations     | 2 |  2.6

Action                   |  1- 3 |  4- 6 |  7- 9 | 10-12 | 13-15 || total
-------------------------+-------+-------+-------+-------+-------++-------
Melee: Mace              |   130 |    32 |       |       |       ||   162
       Flail             |       |   174 |   273 |   560 |       ||  1007
       Giant spiked club |       |       |       |   220 |   290 ||   510
       Morningstar       |       |       |       |     5 |       ||     5
Throw: Throwing net      |       |       |     2 |     1 |       ||     3
       Tomahawk          |       |       |     4 |    14 |     6 ||    24
       Large rock        |       |       |       |    13 |    15 ||    28
Invok: Berserk           |       |     4 |     6 |    11 |     1 ||    22
       Trog's Hand       |       |     1 |     1 |       |       ||     2
       Brothers in Arms  |       |       |       |     2 |     1 ||     3
Evoke: Wand              |       |       |     3 |     1 |       ||     4
  Use: Scroll            |       |     3 |       |    29 |     4 ||    36
       Potion            |       |       |       |     1 |       ||     1
 Stab: Sleeping          |     1 |       |       |     5 |     1 ||     7
       Distracted        |       |       |       |     2 |     1 ||     3
  Eat: Chunk             |     1 |    12 |    14 |    35 |    13 ||    75
       Fruit             |       |       |     1 |       |       ||     1
Armor: Animal skin       |    45 |    69 |    25 |   107 |       ||   246
       Troll leather arm |       |       |       |    60 |    51 ||   111
Dodge: Dodged            |    78 |   119 |   161 |   768 |   299 ||  1425
